[Event "Titled Tuesday Blitz February 28 Early 2023"]
[White "Eynullayev, Atilla"]
[Black "Zhigalko, Sergei"]
[WhiteFideId "13413570"]
[BlackFideId "13502956"]
[WhiteElo "2181"]
[BlackElo "2626"]
[Result "1/2-1/2"]
[Round "02"]
[TimeControl "180+2"]
[Date "2023.02.28"]
[WhiteClock "0:00:11"]
[BlackClock "0:00:04"]

1. d4 Nf6 2. c4 e6 3. Nc3 Bb4 4. e3 O-O 5. Bd3 d5 6. Nf3 b6 7. cxd5 exd5 8. Bd2 Bb7 9. O-O Bd6 10. Rc1 a6 11. Ne5 c5 12. f4 Nc6 13. Be1 cxd4 14. Nxc6 Bxc6 15. exd4 Qd7 16. Qc2 Bb7 17. Bh4 Be7 18. Rce1 h6 19. Bf5 Qd6 20. Re5 b5 21. Rfe1 Bd8 22. a4 b4 23. Nb1 Bb6 24. Bf2 Ne4 25. Bxe4 dxe4 26. Nd2 Bxd4 27. Nxe4 Bxe4 28. R5xe4 Bxf2+ 29. Qxf2 Rad8 30. Qe3 a5 31. h3 Qc6 32. b3 Qg6 33. Re5 Rd3 34. Qc5 Rfd8 35. Re8+ Kh7 36. Rxd8 Rxd8 37. f5 Qg3 38. Qe3 Rd3 39. Qxg3 Rxg3 40. Re5 Rxb3 41. Rxa5 h5 42. Rb5 h4 43. a5 Kh6 44. a6 Ra3 45. Rxb4 Kg5 46. Rg4+ Kxf5 47. Rxg7 f6 48. Rg4 Rxa6 49. Rxh4 Ra1+ 50. Kh2 Ra2 51. Rg4 Ke6 52. Rf4 f5 53. Rf3 Ke5 54. Kg3 Rb2 55. Rc3 Ra2 56. Rb3 Kf6 57. Kf3 Kg5 58. Rc3 Rb2 59. Re3 Ra2 60. Re2 Ra3+ 61. Kf2 Kf4 62. Rc2 Rb3 63. Rc4+ Kg5 64. h4+ Kf6 65. g3 Ke5 66. Kg2 Kf6 67. Kh3 Rb1 68. Rc6+ Ke5 69. Kg2 Rb2+ 70. Kf3 Rb3+ 71. Kg2 Rb2+ 72. Kh3 Rb1 73. Rc5+ Kf6 74. Rc2 Rd1 75. Rf2 Kg6 76. Kg2 Rd3 77. Re2 Rc3 78. Kf2 Kf6 79. Re3 Rc2+ 80. Kf3 Rc1 81. Rb3 Rf1+ 82. Kg2 Rc1 83. Rb6+ Ke5 84. h5 Rc2+ 85. Kh3 Rc1 86. Kh4 Rh1+ 87. Kg5 Rg1 88. Rb5+ Ke4 89. Rxf5 Rxg3+ 90. Kf6 Rh3 91. Rg5 Kf4 92. Kg6 Ra3 93. Kh6 Ra6+ 94. Rg6 Ra7 95. Rg7 Ra6+ 96. Kh7 Kf5 97. h6 Rb6 98. Kg8 Rxh6 99. Rf7+ Rf6 100. Rxf6+ Kxf6 1/2-1/2


[Site "https://www.chess.com"]

[Event "Titled Tuesday Blitz February 28 Early 2023"]
[White "Movahed, Sina"]
[Black "Fiedorek, Michal"]
[WhiteFideId "42520835"]
[BlackFideId "1199528"]
[WhiteElo "2225"]
[BlackElo "2135"]
[Result "1-0"]
[Round "02"]
[TimeControl "180+2"]
[Date "2023.02.28"]
[WhiteClock "0:02:19"]
[BlackClock "0:02:45"]

1. e4 c5 2. Nf3 d6 3. d4 cxd4 4. Nxd4 Nf6 5. Nc3 Nc6 6. Bg5 e6 7. Qd2 a6 8. O-O-O Bd7 9. f4 b5 10. Bxf6 gxf6 11. Kb1 b4 12. Nce2 Qb6 13. f5 Nxd4 14. Nxd4 e5 15. Nf3 Bc6 16. Bd3 a5 17. g4 a4 18. g5 a3 19. b3 O-O-O 20. gxf6 d5 21. Nxe5 dxe4 22. Ba6+ 1-0


[Site "https://www.chess.com"]

[Event "Titled Tuesday Blitz February 28 Early 2023"]
[White "TimGrutter03"]
[Black "Fernandez Guillen, Ernesto J."]
[BlackFideId "3512428"]
[WhiteElo "2435"]
[BlackElo "2423"]
[Result "0-1"]
[Round "02"]
[TimeControl "180+2"]
[Date "2023.02.28"]
[WhiteClock "0:00:15"]
[BlackClock "0:00:44"]

1. e4 e5 2. Nf3 Nc6 3. g3 g6 4. Bg2 Bg7 5. O-O Nge7 6. c3 O-O 7. d4 exd4 8. cxd4 d5 9. e5 f6 10. exf6 Bxf6 11. Bh6 Bg7 12. Bxg7 Kxg7 13. Ne5 Nxe5 14. dxe5 c6 15. Kh1 Be6 16. f4 Qb6 17. Qd2 Nf5 18. Qf2 Ne3 19. Re1 Nxg2 20. Kxg2 d4 21. b3 g5 22. Nd2 gxf4 23. gxf4 Kh8 24. Nc4 Rg8+ 25. Kf1 Qc5 26. Qf3 d3 27. Qe3 Qd5 28. Qe4 d2 29. Nxd2 Bh3+ 30. Kf2 Rg2+ 31. Kf3 Qxd2 32. Qe3 Bg4+ 0-1


[Site "https://www.chess.com"]

[Event "Titled Tuesday Blitz February 28 Early 2023"]
[White "Alice, Mateus Felizardo Viageiro"]
[Black "Spata, German"]
[WhiteFideId "14800047"]
[BlackFideId "113026"]
[WhiteElo "2189"]
[BlackElo "2238"]
[Result "0-1"]
[Round "02"]
[TimeControl "180+2"]
[Date "2023.02.28"]
[WhiteClock "0:00:32"]
[BlackClock "0:02:18"]

1. e4 e6 2. d4 d5 3. Nd2 dxe4 4. Nxe4 Bd7 5. Nf3 Bc6 6. Bd3 Nd7 7. O-O Ngf6 8. Re1 Nxe4 9. Bxe4 Bxe4 10. Rxe4 Be7 11. Rg4 O-O 12. Bh6 Bf6 13. Qd3 Kh8 14. Ng5 Bxg5 15. Bxg5 f6 16. Rh4 g6 0-1


[Site "https://www.chess.com"]

[Event "Titled Tuesday Blitz February 28 Early 2023"]
[White "Starozhilov, Leonid"]
[Black "Boraso, Alessio"]
[WhiteFideId "14106752"]
[BlackFideId "848077"]
[WhiteElo "2414"]
[BlackElo "2286"]
[Result "1-0"]
[Round "02"]
[TimeControl "180+2"]
[Date "2023.02.28"]
[WhiteClock "0:00:07"]
[BlackClock "0:00:02"]

1. e4 c5 2. Nf3 Nc6 3. Bb5 e6 4. O-O Nge7 5. Re1 a6 6. Bxc6 Nxc6 7. d4 cxd4 8. Nxd4 Qc7 9. Nc3 Bd6 10. Nxc6 dxc6 11. Qh5 Be5 12. Be3 O-O 13. Rad1 b5 14. Bc5 Re8 15. g3 g6 16. Qh4 Bb7 17. f4 Bg7 18. e5 Rad8 19. Ne4 Rd5 20. b4 Qd8 21. Qg4 a5 22. a3 Qd7 23. Nd6 Rd8 24. h4 h5 25. Qf3 axb4 26. axb4 Ra8 27. g4 hxg4 28. Qxg4 Ra3 29. h5 gxh5 30. Qxh5 Qe7 31. Kh1 Rc3 32. Rg1 Rxd1 33. Rxd1 Rxc2 34. Rg1 Ba8 35. Rg3 Kf8 36. Rxg7 Rc1+ 37. Kh2 Kxg7 38. Nf5+ exf5 39. Bxe7 Rc2+ 40. Kg3 1-0


[Site "https://www.chess.com"]

[Event "Titled Tuesday Blitz February 28 Early 2023"]
[White "Yayloyan, Konstantin"]
[Black "Rostomyan, Mikayel"]
[WhiteFideId "13307088"]
[BlackFideId "13313754"]
[WhiteElo "2190"]
[BlackElo "2009"]
[Result "0-1"]
[Round "02"]
[TimeControl "180+2"]
[Date "2023.02.28"]
[WhiteClock "0:00:01"]
[BlackClock "0:00:05"]

1. e4 c5 2. Nf3 Nc6 3. Nc3 g6 4. Bb5 Bg7 5. O-O Nd4 6. Bc4 e6 7. Nxd4 cxd4 8. Ne2 Ne7 9. c3 Nc6 10. d3 O-O 11. Bb3 d5 12. exd5 exd5 13. cxd4 Nxd4 14. Nxd4 Bxd4 15. Qf3 Be6 16. Bh6 Bg7 17. Bxg7 Kxg7 18. Rac1 a5 19. Qf4 Qf6 20. Qxf6+ Kxf6 21. Rc5 Rfd8 22. a4 Ke5 23. Rb5 Rd7 24. Rc1 Kd4 25. Rc3 Ra6 26. Kf1 Rc6 27. Rxc6 bxc6 28. Rxa5 Kxd3 29. Bd1 Kd4 30. b4 Kc4 31. b5 Kb4 32. Ra8 cxb5 33. axb5 Rb7 34. Be2 d4 35. Rd8 Bd7 36. f4 Kc3 37. Kf2 d3 38. Bf1 Bxb5 39. g3 Bc4 40. Ke3 Re7+ 41. Kf2 Re4 42. Rc8 d2 43. Rd8 Bxf1 0-1


[Site "https://www.chess.com"]

[Event "Titled Tuesday Blitz February 28 Early 2023"]
[White "Petrova, Irina"]
[Black "Kucuksari, Kaan"]
[WhiteFideId "14124122"]
[BlackFideId "6380166"]
[WhiteElo "2084"]
[BlackElo "2364"]
[Result "0-1"]
[Round "02"]
[TimeControl "180+2"]
[Date "2023.02.28"]
[WhiteClock "0:00:23"]
[BlackClock "0:00:14"]

1. e4 Nf6 2. e5 Nd5 3. d4 d6 4. c4 Nb6 5. exd6 exd6 6. Nc3 Be7 7. h3 O-O 8. Nf3 Bf6 9. Be2 Nc6 10. O-O Bf5 11. b3 Re8 12. Be3 d5 13. c5 Nc8 14. a3 N8e7 15. b4 a6 16. Qb3 Be4 17. Rad1 Nf5 18. Nxe4 dxe4 19. Ne5 Bxe5 20. dxe5 Qe7 21. Bc4 Nxe5 22. Bd5 c6 23. Bxe4 Nxe3 24. fxe3 Rad8 25. Rxd8 Rxd8 26. Bb1 Qg5 27. Qc3 Qg3 28. Ba2 h6 29. Kh1 Kh8 30. Bb1 Re8 31. Qc2 g6 32. Rxf7 Nxf7 33. Qxg6 Qxg6 34. Bxg6 Kg7 35. Bf5 Rxe3 36. Bc8 Nd8 37. Kh2 Rxa3 38. Bd7 Rb3 39. Be6 Rxb4 0-1


[Site "https://www.chess.com"]

[Event "Titled Tuesday Blitz February 28 Early 2023"]
[White "Prudnykova, Olga"]
[Black "Arabidze, Meri"]
[WhiteFideId "14121093"]
[BlackFideId "13604040"]
[WhiteElo "2174"]
[BlackElo "2405"]
[Result "0-1"]
[Round "02"]
[TimeControl "180+2"]
[Date "2023.02.28"]
[WhiteClock "0:00:13"]
[BlackClock "0:00:18"]

1. e4 c5 2. Nf3 e6 3. Nc3 Nc6 4. d4 cxd4 5. Nxd4 a6 6. Nxc6 bxc6 7. Bd3 d5 8. O-O Nf6 9. Qe2 Be7 10. Rd1 O-O 11. Kh1 Bb7 12. f4 Qc7 13. e5 Nd7 14. Qh5 g6 15. Qh6 Rfd8 16. Be3 Bf8 17. Qh4 c5 18. Bf2 Rab8 19. Rab1 Bg7 20. Bf1 d4 21. Ne2 Nb6 22. b3 Be4 23. Rbc1 Qb7 24. Ng3 Bc6 25. c4 a5 26. Qg4 a4 27. h4 axb3 28. axb3 Nd7 29. h5 Qxb3 30. hxg6 hxg6 31. Bd3 Nf8 32. Kh2 Qa2 33. Rf1 Rb2 34. Kg1 Rdb8 35. f5 exf5 36. Bxf5 Qa3 37. e6 Rxf2 38. exf7+ Kh8 39. Qh4+ Nh7 40. Rxf2 Qxc1+ 41. Kh2 Qh6 42. Qxh6 Bxh6 43. Bxg6 Nf8 44. Bd3 Be3 45. Rf1 Rb2 46. Be4 Bxe4 47. Nxe4 d3 48. Rf3 d2 49. Nxd2 Bxd2 50. Rd3 Bf4+ 51. Kh3 Kg7 52. Kg4 Be5 53. Rd5 Bd4 54. g3 Kxf7 0-1


[Site "https://www.chess.com"]

[Event "Titled Tuesday Blitz February 28 Early 2023"]
[White "Souleidis, Georgios"]
[Black "Nugumanov, Bakhtiyar"]
[WhiteFideId "4206827"]
[BlackFideId "13701797"]
[WhiteElo "2401"]
[BlackElo "2209"]
[Result "0-1"]
[Round "02"]
[TimeControl "180+2"]
[Date "2023.02.28"]
[WhiteClock "0:00:33"]
[BlackClock "0:00:36"]

1. e4 c5 2. Be2 Nc6 3. d3 g6 4. f4 Bg7 5. Nf3 e6 6. O-O Nge7 7. c3 d5 8. Na3 O-O 9. Nc2 b6 10. e5 d4 11. cxd4 cxd4 12. Qe1 Ba6 13. Bd2 Rc8 14. Rc1 Re8 15. Qf2 Nf5 16. Rfd1 Qd5 17. b3 h5 18. Ng5 Nce7 19. Nb4 Qb7 20. Bf3 Nd5 21. g3 Bb5 22. Qg2 Rxc1 23. Rxc1 Rd8 24. a4 Be8 25. Be4 Nfe3 26. Qf3 a5 27. Nxd5 exd5 28. Bxe3 dxe3 29. Qxe3 dxe4 30. Nxe4 Qd5 31. Nd6 Rxd6 32. exd6 Bd4 0-1


[Site "https://www.chess.com"]

[Event "Titled Tuesday Blitz February 28 Early 2023"]
[White "Postma, Dinant"]
[Black "Herbst, Richard"]
[WhiteFideId "1018612"]
[BlackFideId "2041251"]
[WhiteElo "2564"]
[BlackElo "2141"]
[Result "1-0"]
[Round "02"]
[TimeControl "180+2"]
[Date "2023.02.28"]
[WhiteClock "0:00:06"]
[BlackClock "0:00:01"]

1. e4 c5 2. b4 cxb4 3. a3 bxa3 4. d4 d6 5. Nxa3 Nf6 6. Bd3 g6 7. Ne2 Bg7 8. O-O O-O 9. c3 Nc6 10. f4 a6 11. f5 Rb8 12. Nc2 b5 13. Bg5 Bd7 14. Ne3 Qb6 15. Bxf6 Bxf6 16. Nd5 Qd8 17. Nxf6+ exf6 18. Rxa6 Rb6 19. Ra1 Ne7 20. Qb3 Kg7 21. Nf4 Qc7 22. Rfc1 Rc8 23. g3 Qb7 24. Ra2 Ra8 25. Rxa8 Qxa8 26. Re1 Qb7 27. Qb4 Ra6 28. Bf1 Qc6 29. c4 bxc4 30. Qxc4 Rb6 31. Qxc6 Bxc6 32. fxg6 hxg6 33. Kf2 Rb4 34. Ke3 f5 35. e5 dxe5 36. dxe5 g5 37. Nd3 Rb3 38. Kd4 1-0


[Site "https://www.chess.com"]

[Event "Titled Tuesday Blitz February 28 Early 2023"]
[White "Fedoseev, Vladimir"]
[Black "Albertini, Luca"]
[WhiteFideId "24130737"]
[BlackFideId "847038"]
[WhiteElo "2752"]
[BlackElo "2197"]
[Result "1-0"]
[Round "02"]
[TimeControl "180+2"]
[Date "2023.02.28"]
[WhiteClock "0:00:49"]
[BlackClock "0:00:08"]

1. e4 e5 2. Nf3 Nc6 3. Bb5 a6 4. Ba4 Nf6 5. O-O b5 6. Bb3 Be7 7. Re1 O-O 8. a4 b4 9. d4 d6 10. dxe5 dxe5 11. Nbd2 Bc5 12. h3 Be6 13. Bxe6 fxe6 14. Qe2 Nd4 15. Nxd4 Bxd4 16. Nf3 Nh5 17. Nxd4 Qxd4 18. c3 bxc3 19. bxc3 Qa7 20. Be3 Nf4 21. Qg4 Qb7 22. Bxf4 exf4 23. Qxe6+ Kh8 24. Rab1 Qa7 25. Qc6 f3 26. Rb7 fxg2 27. Rxa7 Rxa7 28. Kxg2 Raa8 29. e5 Rae8 30. e6 Re7 31. Qc5 Rfe8 32. f4 Kg8 33. f5 g6 34. Kf3 Rxe6 35. Rxe6 1-0


[Site "https://www.chess.com"]

[Event "Titled Tuesday Blitz February 28 Early 2023"]
[White "Yilmaz, Mustafa"]
[Black "Bogaudinov, Rushan"]
[WhiteFideId "6302718"]
[BlackFideId "4129288"]
[WhiteElo "2523"]
[BlackElo "2063"]
[Result "1-0"]
[Round "02"]
[TimeControl "180+2"]
[Date "2023.02.28"]
[WhiteClock "0:00:03"]
[BlackClock "0:00:08"]

1. d4 Nf6 2. c4 e6 3. Nc3 d5 4. cxd5 exd5 5. Bg5 Be7 6. e3 O-O 7. Bd3 h6 8. Bf4 c6 9. h3 Nbd7 10. Nf3 b6 11. Rc1 Bb7 12. O-O Re8 13. a3 a5 14. Bb1 Bf8 15. Ne5 g6 16. Qc2 Bg7 17. Rfd1 Nf8 18. Bg3 Rc8 19. Bh4 Qd6 20. Qb3 c5 21. Na4 N6d7 22. Nxd7 Nxd7 23. Bg3 Qc6 24. dxc5 d4 25. e4 b5 26. Nb6 Nxb6 27. cxb6 Qxc1 28. Rxc1 Rxc1+ 29. Kh2 Rxb1 30. Qxb5 Rc8 31. Qd7 Rcc1 32. Bd6 Bxe4 33. Qe8+ Kh7 34. Qxe4 Rxb2 35. b7 Rcb1 36. b8=Q Rxb8 37. Bxb8 Rxb8 38. Qd5 f5 39. Qxa5 Rb2 40. Qd5 Rxf2 41. a4 Rf1 42. a5 Re1 43. h4 Be5+ 44. g3 Re2+ 45. Kg1 Re3 46. Qf7+ Bg7 47. a6 Ra3 48. a7 d3 49. Qd7 Ra1+ 50. Kf2 Ra2+ 51. Kf3 d2 52. h5 gxh5 53. Qxf5+ Kg8 54. Qd5+ Kh7 55. Qd3+ Kg8 56. Qb3+ Kh7 57. Qb1+ Kg8 58. Qxa2+ Kh7 59. Qb1+ Kh8 60. a8=Q+ 1-0


[Site "https://www.chess.com"]

[Event "Titled Tuesday Blitz February 28 Early 2023"]
[White "Demchenko, Anton"]
[Black "Mohammed, Zozek Salah Mohammed"]
[WhiteFideId "4160258"]
[BlackFideId "4803361"]
[WhiteElo "2545"]
[BlackElo "2211"]
[Result "1/2-1/2"]
[Round "02"]
[TimeControl "180+2"]
[Date "2023.02.28"]
[WhiteClock "0:00:03"]
[BlackClock "0:00:04"]

1. a3 d5 2. Nf3 c5 3. b4 e6 4. Bb2 Nf6 5. b5 a6 6. a4 axb5 7. axb5 Rxa1 8. Bxa1 Bd7 9. e3 c4 10. Nc3 Qa5 11. Be2 Bxb5 12. Nxb5 Qxb5 13. O-O Be7 14. d3 cxd3 15. Bxd3 Qc6 16. Ne5 Qc7 17. Qf3 Nc6 18. Ng4 Nxg4 19. Qxg4 Bf6 20. Bxf6 gxf6 21. Qg7 Rf8 22. Qxf6 Qe5 23. Qh4 h5 24. Rb1 Rg8 25. h3 Qg7 26. Bf1 Ne5 27. Qa4+ Ke7 28. Qb4+ Ke8 29. Qa4+ Ke7 30. Rxb7+ Kf6 31. Qf4+ Kg6 32. Bd3+ Nxd3 33. cxd3 Qf6 34. Qxf6+ Kxf6 35. h4 Rg4 36. g3 Ra4 37. d4 Ra1+ 38. Kg2 Ra2 39. Kf3 Rc2 40. Rb8 Ra2 41. Rh8 Kg6 42. Rg8+ Kh6 43. Rc8 Kg7 44. Rc1 Kg6 45. Re1 Kf5 46. Re2 Rxe2 47. Kxe2 Kg4 48. Ke1 Kf3 49. Kf1 f5 50. Ke1 Kg2 51. Ke2 Kg1 52. Kf3 Kf1 53. Kf4 Kxf2 54. Kg5 Kxe3 55. Kxh5 Kxd4 56. Kg6 Ke3 57. h5 d4 58. h6 d3 59. h7 d2 60. h8=Q d1=Q 61. Qe5+ Kf2 62. Kf6 Qf3 63. Qxe6 Kxg3 64. Qxf5 Qxf5+ 65. Kxf5 1/2-1/2


[Site "https://www.chess.com"]

[Event "Titled Tuesday Blitz February 28 Early 2023"]
[White "Perez Ponsa, Federico"]
[Black "Pourkashiyan, Atousa"]
[WhiteFideId "117927"]
[BlackFideId "12502014"]
[WhiteElo "2592"]
[BlackElo "2228"]
[Result "1-0"]
[Round "02"]
[TimeControl "180+2"]
[Date "2023.02.28"]
[WhiteClock "0:00:37"]
[BlackClock "0:00:25"]

1. e4 c5 2. Nf3 e6 3. d4 cxd4 4. Nxd4 a6 5. Nc3 Qc7 6. Bd3 Bc5 7. Nb3 Be7 8. Qg4 g6 9. Qg3 d6 10. a4 Nc6 11. a5 Ne5 12. O-O h5 13. f4 Nxd3 14. cxd3 Nf6 15. h3 h4 16. Qf2 Nh5 17. Be3 Ng3 18. Rfc1 Qd7 19. Na4 Bd8 20. Nb6 Bxb6 21. Bxb6 Qb5 22. Rc3 e5 23. fxe5 dxe5 24. Bc5 Be6 25. Qf6 Ne2+ 26. Kh2 Kd7 27. Qe7+ Kc8 28. Bd6+ Nxc3 29. Qc7# 1-0


[Site "https://www.chess.com"]

[Event "Titled Tuesday Blitz February 28 Early 2023"]
[White "Dinu, Dumitru-Daniel"]
[Black "Lagno, Kateryna"]
[WhiteFideId "1208403"]
[BlackFideId "14109336"]
[WhiteElo "2240"]
[BlackElo "2508"]
[Result "1-0"]
[Round "02"]
[TimeControl "180+2"]
[Date "2023.02.28"]
[WhiteClock "0:00:40"]
[BlackClock "0:01:10"]

1. e4 e5 2. Nf3 Nc6 3. Bb5 a6 4. Ba4 d6 5. c3 Bd7 6. O-O g6 7. d4 Nf6 8. Bxc6 Bxc6 9. dxe5 dxe5 10. Qxd8+ Rxd8 11. Nxe5 Bxe4 12. Re1 Be7 13. Bh6 Rd5 14. Bg7 Rg8 15. Bxf6 Bxf6 16. Ng4 Be7 17. f3 Bxb1 18. Nf6+ Kd8 19. Nxd5 Bc5+ 20. Kh1 Bf5 21. Rad1 Kc8 22. Nf6 Rh8 23. Ne4 Be7 24. Ng3 Be6 25. b3 a5 26. c4 Bb4 27. Re3 h5 28. Ne4 Be7 29. Red3 h4 30. Kg1 Rh5 31. Kf2 Re5 32. Nc3 Bc5+ 33. Kf1 h3 34. Rd8# 1-0


[Site "https://www.chess.com"]

[Event "Titled Tuesday Blitz February 28 Early 2023"]
[White "Hajiyev, Kanan"]
[Black "Seo, Jung Min"]
[WhiteFideId "13404148"]
[BlackFideId "1734687"]
[WhiteElo "2103"]
[BlackElo "2468"]
[Result "1-0"]
[Round "02"]
[TimeControl "180+2"]
[Date "2023.02.28"]
[WhiteClock "0:00:34"]
[BlackClock "0:01:28"]

1. d4 e6 2. c4 f5 3. Nf3 Nf6 4. g3 b6 5. Bg2 Bb7 6. O-O Be7 7. b3 O-O 8. Bb2 Qe8 9. d5 Qh5 10. Nc3 Na6 11. e3 Nc5 12. Nd4 Qxd1 13. Raxd1 g6 14. b4 Nce4 15. Nxe4 fxe4 16. dxe6 Bxb4 17. exd7 Nxd7 18. Nc2 Bd6 19. Ba3 Nc5 20. Nd4 Ba6 21. Nb5 Bxb5 22. cxb5 Rae8 23. Rd4 Rf5 24. Bxc5 Rxc5 25. Bxe4 Rf8 26. Rb1 Rf6 27. Ra4 Re5 28. f3 Bc5 29. Rb3 g5 30. g4 h5 31. h3 hxg4 32. hxg4 Rh6 33. Rxa7 Re7 34. Ra8+ Kg7 35. Rd8 Rf6 36. Rbd3 1-0


[Site "https://www.chess.com"]

[Event "Titled Tuesday Blitz February 28 Early 2023"]
[White "Balint, Vilmos"]
[Black "Javakhadze, Zurab"]
[WhiteFideId "718050"]
[BlackFideId "13603647"]
[WhiteElo "2034"]
[BlackElo "2381"]
[Result "1-0"]
[Round "02"]
[TimeControl "180+2"]
[Date "2023.02.28"]
[WhiteClock "0:00:41"]
[BlackClock "0:00:01"]

1. e4 e5 2. f4 d5 3. exd5 exf4 4. Nf3 Nf6 5. Bc4 Be7 6. O-O O-O 7. d4 Nxd5 8. Bxd5 Qxd5 9. Nc3 Qd8 10. Bxf4 c6 11. Qd2 Nd7 12. h3 Nb6 13. b3 Bb4 14. Qd3 Bxc3 15. Qxc3 Nd5 16. Qd2 Nxf4 17. Qxf4 Be6 18. Ng5 Bd5 19. c4 h6 20. Ne4 Bxe4 21. Qxe4 Qd7 22. Rad1 Rfe8 23. Qf4 Rad8 24. d5 cxd5 25. Rxd5 Qe7 26. Rfd1 Rxd5 27. Rxd5 b6 28. Kh2 Qe6 29. a4 Qg6 30. Re5 Rd8 31. Re7 a5 32. Qc7 Rd2 33. Qb8+ Kh7 34. Qg3 Qf6 35. Re2 Rd1 36. Qe5 Qf1 37. Qe4+ f5 38. Qe5 Qh1+ 39. Kg3 Rd3+ 40. Kf2 Kg6 41. Qe8+ Kg5 42. Qe7+ Kh5 43. g4+ fxg4 44. Re5+ g5 45. Rxg5+ Kh4 46. Rxg4+ Kxh3 47. Qh4# 1-0


[Site "https://www.chess.com"]

[Event "Titled Tuesday Blitz February 28 Early 2023"]
[White "Mirzanurov, Bulat"]
[Black "Wagner, Dennis"]
[WhiteFideId "4184521"]
[BlackFideId "24650684"]
[WhiteElo "2019"]
[BlackElo "2470"]
[Result "0-1"]
[Round "02"]
[TimeControl "180+2"]
[Date "2023.02.28"]
[WhiteClock "0:00:25"]
[BlackClock "0:00:08"]

1. e4 c5 2. Nf3 d6 3. d4 cxd4 4. Nxd4 Nf6 5. f3 Nc6 6. Nc3 e5 7. Nb3 Be6 8. Bg5 Be7 9. Qd2 O-O 10. O-O-O a5 11. a4 Nb4 12. Kb1 d5 13. Bxf6 Bxf6 14. Nxd5 Nxd5 15. exd5 Bd7 16. Nc5 Be8 17. Bb5 Bxb5 18. axb5 a4 19. d6 a3 20. Ne4 axb2 21. Kxb2 Ra4 22. Ra1 Rd4 23. Qa5 b6 24. Qa3 Qd7 25. Qb3 Rc8 26. Rhd1 Bd8 27. Ra4 Rxd1 28. Rc4 Rxc4 29. Qxc4 Rd4 30. Qc6 Qxc6 31. bxc6 Rc4 32. c7 Bxc7 33. dxc7 Rxc7 34. Kb3 f5 35. Nd6 g6 36. Nb5 Rc5 37. Nc3 Kf7 38. Kb4 Ke6 39. Na4 Rxc2 40. Nxb6 Rxg2 0-1


[Site "https://www.chess.com"]

[Event "Titled Tuesday Blitz February 28 Early 2023"]
[White "Aydincelebi, Kagan"]
[Black "Tarasova, Viktoriya"]
[WhiteFideId "6361102"]
[BlackFideId "4175840"]
[WhiteElo "2180"]
[BlackElo "2182"]
[Result "1-0"]
[Round "02"]
[TimeControl "180+2"]
[Date "2023.02.28"]
[WhiteClock "0:01:58"]
[BlackClock "0:00:02"]

1. e4 e5 2. Nf3 Nc6 3. Bb5 Nf6 4. d3 Bc5 5. Bxc6 dxc6 6. Nbd2 Nd7 7. Nb3 Bd6 8. O-O c5 9. Kh1 O-O 10. Be3 f6 11. g4 g6 12. Rg1 g5 13. Nfd2 Rf7 14. Nf1 b6 15. Ng3 Nf8 16. Nf5 Kh8 17. h4 gxh4 18. Nxh4 f5 19. Nxf5 Bxf5 20. exf5 Qh4+ 21. Kg2 Rg7 22. f3 e4 23. dxe4 Qh2+ 24. Kf1 Rd8 25. Qe2 Qe5 26. c3 Nd7 27. g5 c4 28. Qxc4 Nc5 29. Nxc5 bxc5 30. Rd1 Qh2 31. Qe2 1-0


[Site "https://www.chess.com"]

[Event "Titled Tuesday Blitz February 28 Early 2023"]
[White "Hoffmann, Asa"]
[Black "Hasangatin, Ramil"]
[WhiteFideId "2001470"]
[BlackFideId "4122160"]
[WhiteElo "2117"]
[BlackElo "2310"]
[Result "0-1"]
[Round "02"]
[TimeControl "180+2"]
[Date "2023.02.28"]
[WhiteClock "0:00:10"]
[BlackClock "0:01:22"]

1. d4 d6 2. e4 Nf6 3. f3 e5 4. Ne2 Nc6 5. Nbc3 Be7 6. d5 Nb8 7. Be3 c6 8. Qd2 cxd5 9. exd5 a6 10. a4 Qa5 11. Nc1 O-O 12. Nb3 Qc7 13. a5 Nbd7 14. Bd3 Ne8 15. O-O f5 16. f4 g6 17. Ra4 Nef6 18. h3 Qd8 19. Rc4 Rf7 20. Be2 exf4 21. Bxf4 Ne5 22. Rb4 Nfd7 23. Re1 Nc5 24. Bxe5 dxe5 25. Rc4 Nxb3 26. cxb3 Qxa5 27. d6 Bf8 28. Rd1 Be6 29. Nd5 Qxd5 30. Qxd5 Bxd5 31. Rxd5 Rd8 32. Rc7 Rxd6 33. Rxf7 Kxf7 34. Rxe5 Kf6 35. Re8 Bh6 36. Bc4 Bc1 37. Rb8 b5 38. Bg8 Kg7 39. b4 Bxb2 40. Bb3 Ba3 0-1


[Site "https://www.chess.com"]

[Event "Titled Tuesday Blitz February 28 Early 2023"]
[White "Gutkin, Ilya"]
[Black "Mirzoev, Azer"]
[WhiteFideId "16203470"]
[BlackFideId "13400304"]
[WhiteElo "2265"]
[BlackElo "2525"]
[Result "0-1"]
[Round "02"]
[TimeControl "180+2"]
[Date "2023.02.28"]
[WhiteClock "0:00:01"]
[BlackClock "0:00:29"]

1. Nf3 c5 2. b3 Nc6 3. Bb2 d6 4. d4 cxd4 5. Nxd4 Nf6 6. g3 e5 7. Nxc6 bxc6 8. Bg2 Qc7 9. c4 Be7 10. Nc3 O-O 11. O-O Bb7 12. Qc2 h6 13. Rac1 Rac8 14. Rfd1 Rfd8 15. Qb1 Qa5 16. Ne4 Nxe4 17. Bxe4 Qc7 18. Bh7+ Kh8 19. Bf5 Rb8 20. Qe4 Bg5 21. e3 Bf6 22. Qg4 g6 23. Bb1 h5 24. Qf3 Kg7 25. Qe4 Qe7 26. Qc2 a5 27. Bc3 Ra8 28. Qd2 Qc7 29. f4 c5 30. Qb2 a4 31. e4 axb3 32. axb3 Rab8 33. Rd2 Qe7 34. Rcd1 h4 35. fxe5 dxe5 36. Rxd8 Rxd8 37. Rxd8 Qxd8 38. Bxe5 Qd1+ 39. Kf2 Bxe5 40. Qxe5+ Kh7 41. Qe7 Qd2+ 42. Kf3 Qd1+ 43. Kf2 Qd4+ 44. Kf3 Qc3+ 45. Kf2 Qb2+ 46. Kf3 Kg7 47. Qxb7 Qxb1 48. gxh4 Qd3+ 49. Kf4 Qd2+ 50. Ke5 Qxh2+ 51. Kd5 Qxh4 52. Kxc5 Qf2+ 53. Kc6 g5 54. Qb5 Qf6+ 55. Kb7 g4 56. Qh5 Qe7+ 57. Kb6 Qe6+ 58. Kb5 Qxe4 59. Qg5+ Qg6 60. c5 Qxg5 0-1


[Site "https://www.chess.com"]

[Event "Titled Tuesday Blitz February 28 Early 2023"]
[White "Shuvalova, Polina"]
[Black "Coelho, Ramyres Santana"]
[WhiteFideId "24171760"]
[BlackFideId "2120690"]
[WhiteElo "2330"]
[BlackElo "1888"]
[Result "1-0"]
[Round "02"]
[TimeControl "180+2"]
[Date "2023.02.28"]
[WhiteClock "0:01:05"]
[BlackClock "0:00:11"]

1. d4 Nf6 2. c4 g6 3. Nc3 d5 4. e3 Bg7 5. cxd5 Nxd5 6. Bc4 Nxc3 7. bxc3 O-O 8. Nf3 c5 9. O-O cxd4 10. cxd4 Nc6 11. Bb2 Na5 12. Bd3 b6 13. Rc1 Bb7 14. Bc3 Rc8 15. Bxa5 bxa5 16. Qe2 Qd5 17. a4 Rxc1 18. Rxc1 Rc8 19. Rxc8+ Bxc8 20. h3 Bb7 21. Bc4 Qc6 22. Qa2 e6 23. Qb3 Bf8 24. Qb5 Qxb5 25. Bxb5 Bxf3 26. gxf3 Bg7 27. f4 Kf8 28. Kg2 Ke7 29. Kf3 Kd6 30. Ke4 f5+ 31. Kd3 Bf6 32. Be8 Ke7 33. Bc6 Kd6 34. Bb7 h6 35. Bf3 g5 36. fxg5 hxg5 37. Bh5 e5 38. Bg6 exd4 39. exd4 Ke6 40. f3 Kd5 41. Bf7+ Kd6 42. Kc4 Bd8 43. Bg6 f4 44. Bf5 Bb6 45. Be4 Ke6 46. Bd5+ Kd6 47. Bg8 Bd8 48. Kd3 Bf6 49. Ke4 Kc6 50. Bf7 Kd6 51. Be8 Ke6 52. Bb5 Kd6 53. d5 Kc5 54. Bc6 Be7 55. Kf5 Kd4 56. Ke6 Bd8 57. d6 Kc5 58. Be4 Kb4 59. Bc2 Kc3 60. Bd1 Kd2 61. Bb3 Ke3 62. Bd5 Kf2 63. Kd7 Bb6 64. Kc8 Kg3 65. d7 Kxh3 66. Be6+ Kg3 67. Bg4 Kf2 68. d8=Q Bxd8 69. Kxd8 Ke3 70. Kc7 Kd4 71. Kd6 Kc4 72. Bd7 Kb4 73. Ke5 g4 74. fxg4 f3 75. Bb5 f2 76. g5 f1=Q 77. Bxf1 Kxa4 78. g6 Kb4 79. g7 a4 80. g8=Q a3 81. Qc4+ Ka5 82. Qb5# 1-0


[Site "https://www.chess.com"]